[Event "Late-Titled-Tuesday-Blitz-May-28-2024"]
[Site "Chess.com"]
[Date "2024.05.28"]
[Round "5"]
[White "Beaterawn"]
[Black "Thjop"]
[Result "0-1"]
[WhiteElo "2366"]
[BlackElo "2628"]
[TimeControl "180+1"]
[EndTime "14:56:11 PDT"]
[Termination "Thjop won by resignation"]

1. e4 e6 2. d4 d5 3. Nc3 Nf6 4. Bg5 Bb4 5. e5 h6 6. Be3 Ne4 7. Qg4 g6 8. Bd3 Nxc3 9. Bd2 Nxa2 10. c3 Nxc3 11. bxc3 Be7 12. h4 h5 13. Qf4 c5 14.
Nf3 Nc6 15. Ng5 Bxg5 16. hxg5 cxd4 17. cxd4 Bd7 18. g4 h4 19. Ke2 Qb6 20. Ke3 O-O-O 21. Rhb1 Qc7 22. Rc1 Kb8 23. Bb4 Nxb4 24. Rxc7 Kxc7 25.
Qxf7 h3 26. Bb5 h2 27. Rc1+ Nc6 28. Bxc6 bxc6 29. Rh1 Rh3+ 30. Ke2 Rdh8 31. Qxg6 R8h4 32.
Qf7 Rxg4 33. g6 Rg1 34. g7 Rxh1 35. g8=Q Re1+ 36. Kxe1 h1=Q+ 37. Ke2 Qe4+ 38. Kf1 Rh1+ 39. Qg1 Qb1+ 40. Ke2 Rxg1 0-1

[Event "Late-Titled-Tuesday-Blitz-May-28-2024"]
[Site "Chess.com"]
[Date "2024.05.28"]
[Round "5"]
[White "Chaubunagungamaug1"]
[Black "JaackCamel"]
[Result "1-0"]
[WhiteElo "2456"]
[BlackElo "2236"]
[TimeControl "180+1"]
[EndTime "14:56:15 PDT"]
[Termination "Chaubunagungamaug1 won on time"]

1. Nf3 d5 2. d4 e6 3. c4 c6 4.
e3 Nf6 5. Nc3 Nbd7 6. Bd3 dxc4 7. Bxc4 b5 8. Bd3 a6 9. e4 c5 10. e5 cxd4 11. Nxb5 axb5 12. exf6 gxf6 13. O-O Qb6 14.
Qe2 Ba6 15. Rd1 Be7 16. a4 bxa4 17. Rxa4 Bb7 18. Rxa8+ Bxa8 19. Nxd4 Rg8 20. Be4 Bb7 21. Qf3 Ne5 22. Qf4 Rg4 23. Qh6 Rxe4 24. Be3 Ng4 25.
Qxh7 Nxe3 26. Qh8+ Bf8 27. fxe3 Rg4 28. g3 Qxb2 29.
Qh3 Re4 30. Rf1 Bc5 31. Qh8+ Kd7 32. Qg7 Bxd4 33. Qxf7+ Kc6 34. exd4 Qxd4+ 35. Kh1 Re5 36. Kg2 Kc5+ 37. Kh3 Bc6 38. Qe7+ Qd6 39. Qxf6 Rh5+ 40. Kg4 1-0

[Event "Late-Titled-Tuesday-Blitz-May-28-2024"]
[Site "Chess.com"]
[Date "2024.05.28"]
[Round "5"]
[White "Love7Unicorn"]
[Black "PhileKhoob"]
[Result "1-0"]
[WhiteElo "2536"]
[BlackElo "2324"]
[TimeControl "180+1"]
[EndTime "14:56:16 PDT"]
[Termination "Love7Unicorn won by resignation"]

1. d4 d5 2. c4 c6 3. Nf3 Nf6 4. Qc2 e6 5. Nbd2 Nbd7 6. g3 Bd6 7. b3 O-O 8. Bb2 Re8 9. Bg2 dxc4 10. Nxc4 Bb4+ 11. Bc3 Bxc3+ 12. Qxc3 Nb6 13. O-O Nbd5 14. Qd3 b6 15. Rac1 Bb7 16. e4 Nb4 17. Qe2 Qe7 18.
a3 Na6 19. e5 Nd5 20. Nd6 Red8 21. b4 Rxd6 22. exd6 Qxd6 23. Ne5 Nac7 24. Qb2 f6 25. Nc4 Qd7 26. Rfe1 Re8 27. Ne3 Nb5 28. Nxd5 exd5 29. Rxe8+ Qxe8 30. Qd2 Nxa3 31. Re1 Qd7 32. Qe2 Nc4 33.
Bh3 Qd8 34. Be6+ Kf8 35. Qh5 Nd6 36. Qxh7 Qe8 37. Qg8+ Ke7 38. Bxd5+ Ne4 39. Rxe4+ Kd6 1-0

[Event "Late-Titled-Tuesday-Blitz-May-28-2024"]
[Site "Chess.com"]
[Date "2024.05.28"]
[Round "5"]
[White "joksijoksi"]
[Black "KebabJangles"]
[Result "1-0"]
[WhiteElo "2533"]
[BlackElo "2288"]
[TimeControl "180+1"]
[EndTime "14:56:16 PDT"]
[Termination "joksijoksi won by resignation"]

1. d4 Nf6 2. c4 g6 3. Nc3 Bg7 4.
e4 d6 5. Be2 Nc6 6. d5 Nb8 7. Be3 e5 8. g4 Na6 9. h4 Nc5 10. f3 h5 11. g5 Nh7 12. Qd2 O-O 13.
O-O-O f6 14. Bf1 fxg5 15. hxg5 Rf7 16. Bh3 Nf8 17. Rf1 Bd7 18. Bxd7 Nfxd7 19. Nge2 Qe7 20. Ng3 Raf8 21. b4 Na6 22. a3 b6 23. Qg2 Rf4 24.
Nge2 R4f7 25. Qh3 Nab8 26. Qe6 Re8 27. Qxg6 Nf8 28. Qxh5 Nbd7 29. Ng3 Rf4 30. Nf5 Rxf5 31. exf5 e4 32. f6 Nxf6 33. gxf6 Qxf6 34. Bd2 e3 35. Be1 Re5 36. Qh4 Qf5 37. Rfg1 Kf7 38. Ne4 e2 39. Bc3 Qxf3 40. Rxg7+ Kxg7 41. Qh8+ Kf7 42. Bxe5 Qxe4 43. Qh5+ Ke7 44. Qg5+ Ke8 45. Qh5+ Ng6 46. Bc3 Qe3+ 47. Kb2 Qe4 48. Re1 Kd7 49. Qxe2 Qxe2+ 50. Rxe2 Nf4 51. Re3 Nd3+ 52. Rxd3 b5 53. cxb5 1-0

[Event "Late-Titled-Tuesday-Blitz-May-28-2024"]
[Site "Chess.com"]
[Date "2024.05.28"]
[Round "5"]
[White "neilbhav"]
[Black "KejJaj"]
[Result "0-1"]
[WhiteElo "2405"]
[BlackElo "2150"]
[TimeControl "180+1"]
[EndTime "14:56:16 PDT"]
[Termination "KejJaj won by resignation"]

1. d4 e6 2. c4 f5 3. Nc3 Nf6 4. Bg5 Bb4 5. Qc2 O-O 6. g3 h6 7. Bxf6 Qxf6 8. a3 Be7 9. O-O-O c6 10. d5 cxd5 11. cxd5 d6 12. dxe6 Bxe6 13. Bg2 Nc6 14. Bd5 Rac8 15. Qb3 Bxd5 16. Qxd5+ Kh8 17. Nf3 a6 18. Kb1 b5 19. Nd4 Nxd4 20. Rxd4 Rc5 21. Qb7 Qxd4 22. Qxe7 Qf6 23. Qxf6 Rxf6 24. Rd1 Re6 25.
e3 a5 26. Rd5 b4 27. Rxc5 dxc5 28. Ne2 g5 29. Kc2 Kg7 30. a4 Kf6 31. b3 Rd6 32. f3 h5 33. Nc1 Re6 34. Kd2 Rd6+ 35. Kc2 h4 36. Nd3 Rd5 37. gxh4 gxh4 38. Nf4 Re5 39. Kd3 Kg5 40. Nh3+ Kf6 41. Nf4 Re8 42. h3 Rg8 43. Kc4 Rc8 44. Nd5+ Ke5 45. Ne7 Rc7 46. Ng6+ Kf6 47. Nxh4 Rh7 48. Ng2 Rxh3 49. Kxc5 Rxf3 50. Kb5 Rf2 51. Nf4 Rf3 52. Kxa5 Ke5 53. Kxb4 Rxe3 54. Ng6+ Kf6 55. Nf4 Re4+ 56. Kc5 Rxf4 57. a5 Re4 58. a6 Re6 0-1

[Event "Late-Titled-Tuesday-Blitz-May-28-2024"]
[Site "Chess.com"]
[Date "2024.05.28"]
[Round "5"]
[White "ImportedItalianMaple"]
[Black "Masterisback04"]
[Result "1-0"]
[WhiteElo "2530"]
[BlackElo "2139"]
[TimeControl "180+1"]
[EndTime "14:56:18 PDT"]
[Termination "ImportedItalianMaple won on time"]

1. e4 c5 2. Nf3 Nc6 3. Bb5 e6 4. Bxc6 dxc6 5. b3 Nf6 6. d3 Be7 7. O-O O-O 8. a4 Nd7 9. a5 e5 10. Nbd2 f6 11. Nc4 Rb8 12. c3 b5 13. axb6 axb6 14. Be3 b5 15. Ncd2 Nb6 16. Qc2 Be6 17.
Ra7 Re8 18. Rfa1 Bf8 19. g3 Re7 20. c4 b4 21. Kg2 Rd7 22. Rxd7 Qxd7 23. Ra6 Qb7 24.
Ra5 Qc8 25. h4 Nd7 26. Qa2 Qe8 27. Ra6 Rc8 28. Qa4 Nb8 29. Ra8 Qd7 30. Qa5 Bd6 31. Ne1 Bc7 32. Qxc5 Bh3+ 33. Kh2 h6 34. Ra7 Bg4 35.
Qxb4 Qd8 36. Qb7 Nd7 37. f3 Be6 38. b4 Nf8 39. Qxc6 Bd6 40. Qa6 Rc7 41. Rxc7 Bxc7 42. c5 Bb8 43. Nc4 1-0

[Event "Late-Titled-Tuesday-Blitz-May-28-2024"]
[Site "Chess.com"]
[Date "2024.05.28"]
[Round "5"]
[White "Oleksandr_Bortnyk"]
[Black "Hikaru"]
[Result "0-1"]
[WhiteElo "3021"]
[BlackElo "3218"]
[TimeControl "180+1"]
[EndTime "14:56:19 PDT"]
[Termination "Hikaru won on time"]

1. e4 c6 2. d4 d5 3. Nc3 dxe4 4. Nxe4 Nf6 5. Nxf6+ gxf6 6. c3 Bf5 7. Ne2 e6 8.
Ng3 Bg6 9. h4 h6 10. h5 Bh7 11.
Bf4 Nd7 12. Qd2 Bg8 13. Bc4 b5 14. Bb3 Nb6 15. O-O Nd5 16. a4 Nxf4 17. Qxf4 b4 18.
Rfe1 bxc3 19. Qf3 Rb8 20. Qxc3 Bb4 21. Qxc6+ Qd7 22. Qf3 Bxe1 23. Rxe1 Qxd4 24. Nf5 Qb4 25.
Re3 Kf8 26. Ng3 f5 27. Ne2 Rh7 28. g3 Rg7 29. Nf4 Rg4 30. Kh2 Kg7 31. Bd1 Kh8 32. Rb3 Qd6 33. Qc3+ Rg7 34. Rxb8 Qxb8 35. Bf3 e5 36.
Nd5 Qd6 37. Bg2 f6 38. Ne3 Be6 39. Bh3 Rg5 40. a5 Rxh5 41. Kg2 Rxh3 42. Kxh3 f4+ 43. Ng4 h5 44. Kh4 Bxg4 45. gxf4 exf4 46. f3 Bd7 47. Kxh5 Kg7 48. Kh4 Qe5 49. Qxe5 fxe5 50. Kg5 Kf7 51. b4 Ke6 52. a6 Bb5 0-1

[Event "Late-Titled-Tuesday-Blitz-May-28-2024"]
[Site "Chess.com"]
[Date "2024.05.28"]
[Round "5"]
[White "JohnWhite1952"]
[Black "wild3000"]
[Result "0-1"]
[WhiteElo "2033"]
[BlackElo "2390"]
[TimeControl "180+1"]
[EndTime "14:56:19 PDT"]
[Termination "wild3000 won on time"]

1. e4 c5 2. Nf3 e6 3. d4 cxd4 4.
Nxd4 Nc6 5. Nc3 a6 6. Be3 Qc7 7. Be2 b5 8. a3 Bb7 9. O-O Nf6 10. f3 Rc8 11. Kh1 Be7 12. Qd2 O-O 13. Rad1 Rfd8 14. Bg1 h6 15. Nxc6 Bxc6 16. Bd4 Bb7 17. Qe3 d5 18. Bb6 Bc5 19. Bxc7 Bxe3 20. Bxd8 Rxd8 21. exd5 exd5 22. Bd3 g6 23. Rfe1 Bc5 24. Ne2 Bf2 25.
Rf1 Be3 26. Ng3 Kf8 27. Rfe1 Bf2 28. Re2 Bc5 29. b4 Bd6 30. Rde1 h5 31. Nf1 Rc8 32. Nd2 Rc3 33. Nb3 h4 34. Na5 Bc8 35. Nb3 h3 36.
g3 Bd7 37. Re3 Rc8 38. R3e2 Rc7 39. Re3 g5 40. R3e2 g4 41. Re3 Kg7 42. fxg4 Nxg4 43. R3e2 Rc3 44. Kg1 Bc7 45. Nd4 Bb6 0-1

[Event "Late-Titled-Tuesday-Blitz-May-28-2024"]
[Site "Chess.com"]
[Date "2024.05.28"]
[Round "5"]
[White "RuperezA"]
[Black "penguingm1"]
[Result "1-0"]
[WhiteElo "2716"]
[BlackElo "2933"]
[TimeControl "180+1"]
[EndTime "14:56:20 PDT"]
[Termination "RuperezA won by resignation"]

1. e4 e5 2. Nf3 Nc6 3. Bc4 Nf6 4.
d3 h6 5. O-O d6 6. d4 Bg4 7. c3 exd4 8. cxd4 Bxf3 9. gxf3 d5 10. Bb5 Be7 11. e5 Nh5 12. f4 g6 13. f5 Qd7 14. f6 Bb4 15. Be2 Qf5 16. Be3 Nf4 17. Bg4 Qe4 18. Qf3 g5 19. a3 Ba5 20.
Nc3 Bxc3 21. bxc3 h5 22. Qxe4 dxe4 23. Bf5 Ne2+ 24. Kg2 Nxc3 25. Rac1 Ne2 26. Rxc6 bxc6 27. Bxe4 Rd8 28. Bxc6+ Kf8 29. Rd1 h4 30. Kf3 Nc3 31. Rd3 Nd5 32. Ke4 Nxe3 33. Rxe3 g4 34. d5 Rg8 35. e6 fxe6 36. dxe6 Rd6 37. e7+ Kf7 38. Bd5+ Rxd5 39. Kxd5 Re8 40. Kc6 Kxf6 41. Kd7 Kf7 42. Re4 g3 43. fxg3 hxg3 44. hxg3 Rb8 45. Rf4+ 1-0

[Event "Late-Titled-Tuesday-Blitz-May-28-2024"]
[Site "Chess.com"]
[Date "2024.05.28"]
[Round "5"]
[White "Mikhail_Golubev"]
[Black "MeisterJabo"]
[Result "0-1"]
[WhiteElo "2639"]
[BlackElo "2499"]
[TimeControl "180+1"]
[EndTime "14:56:20 PDT"]
[Termination "MeisterJabo won on time"]

1. e4 e5 2. Nf3 Nf6 3. Nc3 Nc6 4. d4 exd4 5. Nxd4 Bb4 6. Nxc6 bxc6 7. Bd3 d5 8. exd5 O-O 9. O-O Bg4 10. Ne2 cxd5 11. f3 Bh5 12. Nf4 Bg6 13. Nxg6 hxg6 14. Be3 Qd6 15.
c3 Bc5 16. Qd2 Rfe8 17. Bxc5 Qxc5+ 18. Qf2 Qb6 19. Qxb6 axb6 20. a3 Kf8 21. Rfe1 c6 22. Kf2 Nd7 23. Bf1 Nc5 24. Rad1 Re6 25.
c4 Rxe1 26. Kxe1 Re8+ 27. Kf2 dxc4 28. Bxc4 Ke7 29. b4 Ne6 30. Bxe6 Kxe6 31. Re1+ Kd7 32. Rxe8 Kxe8 33. a4 Kd7 34. Ke3 Kc7 35. Kd4 Kb7 36.
Ke5 Kc7 37. a5 f6+ 38. Kd4 c5+ 39. Kc4 cxb4 40. a6 Kb8 41. Kxb4 Ka7 42. Kb5 g5 43. g3 f5 44. h4 f4 0-1

[Event "Late-Titled-Tuesday-Blitz-May-28-2024"]
[Site "Chess.com"]
[Date "2024.05.28"]
[Round "5"]
[White "Romkachess"]
[Black "ChEsper99"]
[Result "1-0"]
[WhiteElo "2565"]
[BlackElo "2227"]
[TimeControl "180+1"]
[EndTime "14:56:20 PDT"]
[Termination "Romkachess won on time"]

1. e4 c5 2. Nf3 Nc6 3. Bb5 g6 4. O-O Bg7 5. Re1 e6 6. Bxc6 bxc6 7. d3 d6 8. e5 d5 9. b3 Ne7 10. Bb2 O-O 11. Nbd2 a5 12. a4 Rb8 13. h4 Ba6 14. h5 c4 15. dxc4 dxc4 16. Bc3 Nd5 17. Bd4 cxb3 18.
Nxb3 Bc4 19. hxg6 hxg6 20. Nfd2 Bxb3 21. Nxb3 Qg5 22. Qf3 Rb4 23. Bc5 Rf4 24. Qg3 Rg4 25. Qf3 Ra8 26. Bd4 Nf4 27. g3 Nh3+ 28. Kf1 Rd8 29.
Be3 Qh5 30. Rad1 Rxd1 31. Rxd1 Bxe5 32. Rd8+ Kg7 33. Nc5 Ng5 34. Qxc6 Bxg3 35. fxg3 Qh3+ 36.
Qg2 Rxg3 37. Qxh3 Nxh3 38. Bf2 Ra3 39. Kg2 Nf4+ 40. Kf1 Nd5 41. Bd4+ 1-0

[Event "Late-Titled-Tuesday-Blitz-May-28-2024"]
[Site "Chess.com"]
[Date "2024.05.28"]
[Round "5"]
[White "temus_galaktionov"]
[Black "aval7an"]
[Result "1-0"]
[WhiteElo "2881"]
[BlackElo "2682"]
[TimeControl "180+1"]
[EndTime "14:56:21 PDT"]
[Termination "temus_galaktionov won by checkmate"]

1. d4 Nf6 2. Nf3 d5 3. c4 e6 4. Nc3 c5 5. cxd5 Nxd5 6. e4 Nxc3 7. bxc3 cxd4 8. cxd4 Bb4+ 9. Bd2 Bxd2+ 10. Qxd2 O-O 11. Bd3 b6 12. O-O Bb7 13. a4 Nd7 14. a5 Rc8 15. axb6 axb6 16. Rfb1 Rc7 17. h3 h6 18. Rb3 Qf6 19. Rab1 Rfc8 20. Qe3 Kf8 21. Nd2 Rc3 22.
Rxc3 Rxc3 23. Nc4 Ba6 24. e5 Qh4 25. Nb2 Rb3 26. Ra1 Bb7 27. Nc4 Qg5 28. Qxg5 hxg5 29.
Bf1 Bd5 30. Nd6 f6 31. Ra7 Bc6 32. Bc4 Rb1+ 33. Kh2 Ke7 34. Rc7 fxe5 35. Rxc6 exd4 36. Nc8+ Kd8 37. Bxe6 Nc5 38. Bg4 d3 39. Nxb6 Ne4 40. Nd5 Nxf2 41. Rc8# 1-0

[Event "Late-Titled-Tuesday-Blitz-May-28-2024"]
[Site "Chess.com"]
[Date "2024.05.28"]
[Round "5"]
[White "Abduzhaparov"]
[Black "ValeriyGrinev"]
[Result "1-0"]
[WhiteElo "2482"]
[BlackElo "2581"]
[TimeControl "180+1"]
[EndTime "14:56:21 PDT"]
[Termination "Abduzhaparov won by checkmate"]

1. Nf3 d5 2. c4 e6 3. g3 Nf6 4.
Bg2 Be7 5. d4 O-O 6. Qc2 c6 7.
O-O Nbd7 8. Rd1 b6 9. Bf4 Bb7 10. Nc3 Nh5 11. Bc1 Nhf6 12. Bf4 Rc8 13. e4 dxe4 14.
Nxe4 Nxe4 15. Qxe4 Nf6 16. Qe2 Nh5 17. Be3 Qc7 18.
Ne5 Nf6 19. Bf4 Qd8 20. a3 Nd7 21. Nf3 Nf6 22. b4 h6 23. h4 Nh5 24. Be3 Qc7 25.
Ne5 Nf6 26. Bf4 Qd8 27. b5 Bd6 28. bxc6 Ba8 29. c5 Bxe5 30. dxe5 Nd5 31. Bxd5 exd5 32. e6 Qf6 33. cxb6 axb6 34. exf7+ Rxf7 35. c7 d4 36. Rac1 Qg6 37. Rxd4 Kh7 38. Qd3 Rf5 39. Rd6 Qg4 40.
Rd8 Qh3 41. f3 g6 42. Qd7+ Rf7 43. Qxf7# 1-0

[Event "Late-Titled-Tuesday-Blitz-May-28-2024"]
[Site "Chess.com"]
[Date "2024.05.28"]
[Round "5"]
[White "Sondremelaa"]
[Black "Balla_Tamas"]
[Result "0-1"]
[WhiteElo "2566"]
[BlackElo "2459"]
[TimeControl "180+1"]
[EndTime "14:56:21 PDT"]
[Termination "Balla_Tamas won on time"]

1. e4 c5 2. Nf3 Nc6 3. d4 cxd4 4. Nxd4 e5 5. Nb5 d6 6. N1c3 a6 7. Na3 b5 8. Nd5 Nge7 9. c4 Nxd5 10. exd5 Nd4 11. cxb5 Bd7 12. Bd3 Be7 13. O-O Nxb5 14. Nc4 O-O 15. Be3 Bg5 16. a4 Bxe3 17. fxe3 Nc7 18.
Nxd6 Qg5 19. e4 Rad8 20. Rc1 Bg4 21. Qe1 Nxd5 22. Nxf7 Rxf7 23. Rxf7 Ne3 24. Rb7 Bc8 25. Bc4+ Kh8 26. Rxg7 Kxg7 27. g3 Ng4 28. Be2 Qe3+ 29.
Kg2 Qxe4+ 30. Bf3 Qxe1 31. Rxe1 Rd2+ 32. Re2 Rxe2+ 33. Bxe2 Bb7+ 34. Kg1 Ne3 35. Kf2 Nd5 36. Bc4 Kf6 37. Ke2 Ne7 38. Ke3 Nc6 39. Bd5 Ke7 40. Ke4 Kd6 41. Bb3 Na5+ 0-1

[Event "Late-Titled-Tuesday-Blitz-May-28-2024"]
[Site "Chess.com"]
[Date "2024.05.28"]
[Round "5"]
[White "brunoo2003"]
[Black "Onthequiet"]
[Result "1-0"]
[WhiteElo "2580"]
[BlackElo "2443"]
[TimeControl "180+1"]
[EndTime "14:56:21 PDT"]
[Termination "brunoo2003 won by resignation"]

1. c4 e6 2. Nf3 d5 3. d4 Nf6 4. g3 Bb4+ 5. Nc3 O-O 6. Bg2 Nbd7 7. O-O c6 8. Qb3 Be7 9. Bf4 b6 10. Rac1 Ba6 11. cxd5 exd5 12. Qa4 Bb7 13. Rfe1 b5 14. Qc2 Bb4 15. a3 Ba5 16. b4 Bb6 17.
a4 a6 18. a5 Bc7 19. Bxc7 Qxc7 20. Nd2 Qd6 21. Qb2 h5 22. e4 Ng4 23. h3 Nh6 24. Nb3 Rae8 25. Nc5 Nxc5 26. dxc5 Qf6 27. exd5 cxd5 28.
Qd2 d4 29. Rxe8 Rxe8 30. Bxb7 dxc3 31. Qxc3 Qg5 32. c6 h4 33. c7 hxg3 34. fxg3 Re3 35. c8=Q+ Kh7 36. Q8c7 Nf5 37. Qf4 Rxc3 38. Qxg5 Rxg3+ 39. Qxg3 Nxg3 40. Kg2 Ne2 41. Be4+ Kh6 42. Rc6+ g6 43.
Rxa6 f5 44. Bf3 Nd4 45. Rd6 Nc2 46. a6 Nxb4 47. a7 1-0

[Event "Late-Titled-Tuesday-Blitz-May-28-2024"]
[Site "Chess.com"]
[Date "2024.05.28"]
[Round "5"]
[White "GMTalks_Youtube"]
[Black "StoreySniper"]
[Result "0-1"]
[WhiteElo "2757"]
[BlackElo "2533"]
[TimeControl "180+1"]
[EndTime "14:56:22 PDT"]
[Termination "StoreySniper won by resignation"]

1. e4 g6 2. d4 Bg7 3. c3 d5 4. e5 c5 5. Nf3 Nc6 6. Bd3 Bg4 7. Nbd2 cxd4 8. cxd4 e6 9. O-O Nge7 10. h3 Bxf3 11.
Nxf3 Qb6 12. Rb1 O-O 13. Be3 Nb4 14. Qd2 Nxd3 15. Qxd3 Nf5 16. Bd2 Qa6 17. Qxa6 bxa6 18.
g4 Ne7 19. Bb4 Rfe8 20. Rfc1 Bh6 21. Rc7 Nc8 22. g5 Bf8 23. Bxf8 Rxf8 24. Rbc1 Nb6 25. Rb7 Rfb8 26. Rcc7 Rxb7 27. Rxb7 a5 28. Nh2 Nc4 29. Ng4 Rf8 30. Kf1 a6 31. Ke2 a4 32. Nf6+ Kg7 33.
Nd7 Rc8 34. Nc5 Nxe5 35. Nxe6+ Kg8 36. Nc7 Nc6 37. Nxd5 Nxd4+ 38. Kd3 Nc6 39. f4 Kg7 40. Rc7 Nb4+ 41. Kc4 Nxd5 42. Rxc8 Nb6+ 43. Kb4 Nxc8 44. Kxa4 Nb6+ 45. Ka5 Nc4+ 46. Kxa6 Nxb2 47. Kb5 Kf8 48. a4 Nxa4 49. Kxa4 Ke7 50. Kb5 Ke6 51. Kc5 Kf5 52.
Kd6 Kxf4 53. Ke7 Kxg5 54. Kxf7 Kh4 0-1

[Event "Late-Titled-Tuesday-Blitz-May-28-2024"]
[Site "Chess.com"]
[Date "2024.05.28"]
[Round "5"]
[White "Kiborg95"]
[Black "MKlose11"]
[Result "1-0"]
[WhiteElo "2811"]
[BlackElo "2606"]
[TimeControl "180+1"]
[EndTime "14:56:23 PDT"]
[Termination "Kiborg95 won on time"]

1. e4 e6 2. d3 d5 3. Nd2 Be7 4. g3 Nf6 5. e5 Nfd7 6. f4 f6 7. exf6 Bxf6 8. Ndf3 O-O 9. d4 c5 10. c3 Nc6 11. Bd3 cxd4 12. cxd4 Qb6 13. Ne2 Kh8 14. Bb1 g6 15. a3 Na5 16. b4 Nc4 17. h4 a5 18. h5 g5 19. Qd3 Rf7 20. fxg5 Be7 21. g6 Rxf3 22. g7+ Kxg7 23. Qxh7+ Kf8 24. Bg6 Bxb4+ 25. Kd1 Nb2+ 26. Kc2 Bd2 27. Bxd2 Qb3+ 28. Kc1 Nd3+ 29. Bxd3 Nf6 30. Qh8+ Ke7 31. Qg7+ Kd8 32.
Bc2 Qc4 33. Bg5 Bd7 34. Bxf6+ Kc7 35. Be5+ Kc6 36. Qe7 Kb6 37. Rb1+ Bb5 38. a4 Qxc2+ 39. Kxc2 Rc8+ 40. Kd2 Rd3+ 41. Ke1 1-0

[Event "Late-Titled-Tuesday-Blitz-May-28-2024"]
[Site "Chess.com"]
[Date "2024.05.28"]
[Round "5"]
[White "AryanTari"]
[Black "ReadySkate"]
[Result "1-0"]
[WhiteElo "3020"]
[BlackElo "2724"]
[TimeControl "180+1"]
[EndTime "14:56:24 PDT"]
[Termination "AryanTari won by checkmate"]

1. e4 c5 2. Nf3 d6 3. Nc3 a6 4. g3 e6 5. Bg2 Nf6 6. O-O Be7 7.
d4 cxd4 8. Nxd4 O-O 9. b3 Nc6 10.
Nxc6 bxc6 11. Na4 d5 12. exd5 cxd5 13. Be3 Bb7 14. c4 Rb8 15. Nc5 Bc8 16. Rc1 Qa5 17. Qe1 Qxe1 18. Rfxe1 Bd6 19. Nd3 dxc4 20. Rxc4 Bb7 21. Ba7 Ra8 22. Bc5 Bxg2 23. Kxg2 Bxc5 24. Nxc5 Nd5 25. Rec1 a5 26. Nd7 Rfd8 27. Ne5 Nb4 28.
Rc7 f6 29. Nc6 Rd2 30. Rb7 Nd3 31. Rc4 Rxf2+ 32. Kg1 Rxa2 33. Nb8 h6 34. Rcc7 Ra1+ 35. Kg2 Ra2+ 36. Kh3 Nf2+ 37. Kh4 Ne4 38. Rxg7+ Kf8 39. Rbf7+ Ke8 40. Re7+ Kd8 41. Nc6+ Kc8 42. Rc7# 1-0

[Event "Late-Titled-Tuesday-Blitz-May-28-2024"]
[Site "Chess.com"]
[Date "2024.05.28"]
[Round "5"]
[White "KorolDimitriy75"]
[Black "maximnovik"]
[Result "1-0"]
[WhiteElo "2421"]
[BlackElo "2545"]
[TimeControl "180+1"]
[EndTime "14:56:25 PDT"]
[Termination "KorolDimitriy75 won by checkmate"]

1. d4 Nf6 2. c4 g6 3. Nc3 d5 4. cxd5 Nxd5 5. e4 Nxc3 6. bxc3 Bg7 7. Nf3 c5 8. Rb1 O-O 9. Be2 cxd4 10. cxd4 Qa5+ 11. Qd2 Qxd2+ 12. Bxd2 b6 13. O-O e6 14. Rbc1 Bb7 15. Bb4 Rd8 16. Rc7 Bxe4 17. Ng5 Nc6 18. Ba3 Nxd4 19. Ba6 Nc2 20. Be7 Bf5 21. Bxd8 Rxd8 22.
Rc1 Bh6 23. f4 Bxg5 24. fxg5 Nb4 25. Rc8 Rxc8 26. Rxc8+ Kg7 27. Bc4 Be4 28. Rc7 Bd5 29. Bxd5 Nxd5 30. Rxa7 Kf8 31. h4 Ne7 32. Ra8+ Kg7 33.
Ra7 Nf5 34. Rb7 Nxh4 35. Rxb6 Kf8 36. a4 Nf5 37. a5 Ne3 38. a6 Nd5 39. Rb8+ Ke7 40.
a7 Nc7 41. Rb7 Kd6 42. Rxc7 Kxc7 43. a8=Q Kd6 44. Qh8 Ke7 45. Qf6+ Ke8 46. Kf2 Kf8 47. Ke3 Kg8 48. Kf4 Kf8 49. Ke5 Kg8 50. Kd6 Kf8 51.
Kd7 Kg8 52. Ke7 h5 53. gxh6 Kh7 54. Qg7# 1-0

[Event "Late-Titled-Tuesday-Blitz-May-28-2024"]
[Site "Chess.com"]
[Date "2024.05.28"]
[Round "5"]
[White "komogro"]
[Black "AradNazari"]
[Result "0-1"]
[WhiteElo "2566"]
[BlackElo "2794"]
[TimeControl "180+1"]
[EndTime "14:56:27 PDT"]
[Termination "AradNazari won on time"]

1. e4 c5 2. Nc3 d6 3. g3 g6 4. Bg2 Bg7 5. d3 Nc6 6. Nh3 e6 7. Be3 Rb8 8. O-O Nge7 9. Qd2 O-O 10. Bh6 b5 11. Bxg7 Kxg7 12. f4 Nd4 13. Kh1 Nec6 14. Nd1 b4 15. c3 bxc3 16. bxc3 Nb5 17. f5 f6 18. Ne3 Ne5 19. a4 Nc7 20. d4 cxd4 21.
cxd4 Nf7 22. fxg6 hxg6 23. Nf4 Rh8 24. Qc2 Bd7 25. e5 f5 26. Rfc1 Rc8 27. Bb7 Nd5 28.
Bxc8 Nxe3 29. Qd2 Ng4 30. Bxd7 Qxd7 31. Rc7 Qe8 32. h4 g5 33. Rb1 gxf4 34. Rbb7 fxg3 35.
Rxf7+ Qxf7 36. Qg5+ Kf8 37. Qd8+ Qe8 38. Qf6+ Nxf6 0-1

[Event "Late-Titled-Tuesday-Blitz-May-28-2024"]
[Site "Chess.com"]
[Date "2024.05.28"]
[Round "5"]
[White "Polish_fighter3000"]
[Black "wonderfultime"]
[Result "0-1"]
[WhiteElo "3113"]
[BlackElo "3021"]
[TimeControl "180+1"]
[EndTime "14:56:28 PDT"]
[Termination "wonderfultime won on time"]

1. d4 d5 2. c4 c6 3. Nc3 Nf6 4. Nf3 a6 5. e3 Bf5 6. Qb3 Ra7 7. cxd5 cxd5 8. Ne5 e6 9. Bd2 Nbd7 10. Nxd7 Nxd7 11.
Rc1 Be7 12. Be2 O-O 13. O-O b5 14. a4 b4 15. Na2 a5 16. Bd3 Bxd3 17. Qxd3 Qa8 18. Rc2 Rb8 19. Nc1 Nb6 20. b3 Rc8 21. Ne2 Rac7 22. Rxc7 Rxc7 23. Qb5 Nc8 24. Qe8+ Bf8 25.
Rc1 Qb7 26. f3 Rxc1+ 27. Nxc1 Qc7 28. Kf2 Nd6 29. Qa8 Qc2 30. Ke2 Nc4 31. bxc4 dxc4 32. Qe4 Qxa4 33. d5 exd5 34. Qxd5 Qc2 35. Qe4 Qxe4 36.
fxe4 a4 37. Kd1 a3 38. Kc2 f6 39. e5 fxe5 40. e4 Bc5 41. h3 Kf7 42. Be1 Ke6 43.
Bd2 Kd7 44. Be1 Kc6 45. Nb3 a2 46. Kb2 cxb3 0-1

[Event "Late-Titled-Tuesday-Blitz-May-28-2024"]
[Site "Chess.com"]
[Date "2024.05.28"]
[Round "5"]
[White "LastGladiator1"]
[Black "Konavets"]
[Result "0-1"]
[WhiteElo "2988"]
[BlackElo "3095"]
[TimeControl "180+1"]
[EndTime "14:56:28 PDT"]
[Termination "Konavets won by resignation"]

1. e4 e5 2. Nf3 Nc6 3. Bc4 Bc5 4. d3 Nf6 5. O-O d6 6. c3 a6 7. a4 Ba7 8. h3 h6 9. Be3 Bxe3 10. fxe3 O-O 11.
Nbd2 g6 12. Qe1 Kg7 13. Nh2 Bd7 14. Rf3 Nh7 15. h4 Qe7 16. Qg3 h5 17. Raf1 Nd8 18. a5 f6 19. d4 Nf7 20. Be2 Rg8 21. Rf5 Kh8 22. R5f3 Nh6 23. R3f2 Rg7 24. b4 Rag8 25. Kh1 Be8 26. Bc4 Bf7 27. Bxf7 Rxf7 28. Qh3 Rfg7 29.
c4 Qe8 30. c5 Qb5 31. cxd6 cxd6 32. Rb1 f5 33. dxe5 dxe5 34. Qg3 Re7 35. Rff1 Qd3 36. Qe1 Nf6 37. Rb3 Qc2 38. exf5 gxf5 39. Nhf3 Ne4 40. Rg1 Ng3+ 41. Kh2 f4 42. Ng5 Ng4+ 43. Kh3 Qf5 44. exf4 Ne3+ 45. Kh2 exf4 46. Qf2 Ng4+ 0-1

[Event "Late-Titled-Tuesday-Blitz-May-28-2024"]
[Site "Chess.com"]
[Date "2024.05.28"]
[Round "5"]
[White "GothamChess"]
[Black "karinachess1"]
[Result "0-1"]
[WhiteElo "2795"]
[BlackElo "2631"]
[TimeControl "180+1"]
[EndTime "14:56:28 PDT"]
[Termination "karinachess1 won by checkmate"]

1. e4 e5 2. Nf3 Nc6 3. c3 d5 4.
Qa4 dxe4 5. Nxe5 Qd5 6. Nxc6 bxc6 7. Bc4 Qd6 8. O-O Nf6 9. h3 Be7 10. b3 O-O 11. Ba3 c5 12. b4 Bd7 13. Qc2 cxb4 14. Bxb4 c5 15. Ba3 Bf5 16. Qa4 Qf4 17. Be2 Bxh3 18.
g3 Qg5 19. Qc6 Bxf1 20. Bxf1 Rfd8 21. Kg2 Bd6 22. Be2 h5 23. d4 exd3 24. Bf3 h4 25.
Nd2 hxg3 26. Nf1 gxf2+ 27. Kxf2 Qh4+ 28. Kg2 Rac8 29. Qa6 Ng4 30. Qxd3 Qf2+ 31. Kh3 Nh2 32. Bg2 Nxf1 33. Rxf1 Qxa2 34. Bd5 Qh2+ 35. Kg4 Rf8 36. c4 Rce8 37. Qf3 Re7 38. Bc1 Qe5 39. Bg5 Rd7 40. Rh1 Qd4+ 41. Kh3 Be5 42. Qf5 Qc3+ 43. Kg4 g6 44.
Qxd7 Qd4+ 45. Kh3 Qc3+ 46. Kg4 Qg3# 0-1

[Event "Late-Titled-Tuesday-Blitz-May-28-2024"]
[Site "Chess.com"]
[Date "2024.05.28"]
[Round "5"]
[White "Maus7"]
[Black "BardArtem"]
[Result "0-1"]
[WhiteElo "2569"]
[BlackElo "2796"]
[TimeControl "180+1"]
[EndTime "14:56:28 PDT"]
[Termination "BardArtem won on time"]

1. e4 e5 2. Nf3 Nc6 3. Bb5 Nge7 4.
c3 d5 5. d4 dxe4 6. Nxe5 a6 7.
Ba4 b5 8. Nxc6 Nxc6 9. Bc2 f5 10. O-O Bd6 11. a4 b4 12. Qh5+ g6 13. Qh6 bxc3 14. bxc3 Qf6 15. f3 exf3 16. Rxf3 Be6 17. Bg5 Qf8 18.
Qh3 h6 19. Bf4 Bxf4 20. Rxf4 Qd6 21. Rf2 h5 22. Nd2 O-O 23. Nf3 Bd5 24. Re1 Rfe8 25. Rfe2 Rxe2 26. Rxe2 Qf4 27. Qh4 Qxh4 28. Nxh4 Kf7 29.
Bd3 Kf6 30. c4 Nxd4 31. cxd5 Nxe2+ 32. Bxe2 g5 33. Nf3 g4 34. Nd4 Ke5 35. Nc6+ Kxd5 36.
Nb4+ Kd4 37. Nxa6 c5 38. Bb5 c4 39. Nc7 c3 40. Ne6+ Ke3 41. Nc5 c2 42. Nb3 Rd8 43. g3 Rd1+ 44. Kg2 Rb1 0-1